 Dungeon Crawl Stone Soup version 0.29-a0-284-gf9362112df (webtiles) character file.

Game seed: 13574576007275761792

61 spaghetti the Sneak (level 3, -3/25 HPs)
             Began as a Vampire Cinder Acolyte on Mar 22, 2022.
             Was a High Priest of Ignis.
             Slain by an ogre
             ... wielding a +0 giant club
              (28 damage)
             ... on level 2 of the Dungeon.
             The game lasted 00:06:41 (2473 turns).

spaghetti the Sneak (Vampire Cinder Acolyte)        Turns: 2473, Time: 00:06:41

Health: -3/25      AC:  2    Str: 13    XL:     3   Next: 83%
Magic:  1/5        EV: 11    Int: 18    God:    Ignis [*****.]
Gold:   53         SH:  0    Dex:  9    Spells: 2/5 levels left

rFire   + . .      SeeInvis +   b - staff of conjuration {!a@e2staff}
rCold   . . .      Faith    .   (no shield)
rNeg    . . .      Spirit   .   f - +0 robe
rPois   .          Reflect  .   (no helmet)
rElec   .          Harm     .   (no cloak)
rCorr   .          Rampage  .   (no gloves)
Will    +....                   (no boots)
Stlth   +++.......              (no amulet)
HPRegen 0.28/turn               c - ring of willpower
MPRegen 0.09/turn               (no ring)

@: healing quickly
A: alive, fangs 3, see invisible, vampiric 2, [frail 1]
a: Exsanguinate, Renounce Religion, Fiery Armour, Foxfire Swarm, Rising Flame


You were on level 2 of the Dungeon.
You worshipped Ignis.
Ignis was extremely pleased with you.
You visited 1 branch of the dungeon, and saw 3 of its levels.

You collected 53 gold pieces.


Innate Abilities, Weirdness & Mutations

Your natural rate of healing is accelerated.
You have razor-sharp teeth.
You have supernaturally acute eyesight. (SInv)
You are afflicted with vampirism and can become a bat while bloodless.
[You are frail. (-10% HP)]


   Skills:
 - Level 2.6 Fighting
 - Level 3.2 Short Blades
 * Level 5.1 Stealth
 + Level 1.6 Spellcasting
 - Level 2.4 Fire Magic


You had 2 spell levels left.
You knew the following spells:

 Your Spells              Type           Power      Damage    Failure   Level
a - Searing Ray           Conj           4%         2d4       28%         2
b - Magic Dart            Conj           8%         1d3       19%         1

Your spell library contained the following spells:

 Spells                   Type           Power      Damage    Failure   Level
 Scorch                   Fire           20%        2d6       11%         2
 Summon Small Mammal      Summ           4%         N/A       19%         1
 Call Canine Familiar     Summ           1%         N/A       50%         3
 Summon Guardian Golem    Hex/Summ       1%         N/A       50%         3
 Fulminant Prism          Conj/Hex       1%         3d6       88%         4

Inventory:

Hand Weapons
 a - a +2 rapier of freezing {short}
   (You found it on level 2 of the Dungeon)
 h - a -1 short sword of flaming {short}
 j - a +0 dagger of venom {short}
   (You took it off a goblin on level 1 of the Dungeon)
Missiles
 i - 9 stones {throwing}
Armour
 f - a +0 robe (worn)
Magical Staves
 b - a staff of conjuration (weapon) {!a@e2staff}
   (You found it on level 3 of the Dungeon)
Jewellery
 c - a ring of willpower (left hand)
   (You found it on level 2 of the Dungeon)
Scrolls
 d - a scroll of enchant weapon {unknown}
 g - a scroll of identify {unknown}
Potions
 e - a potion of ambrosia {unknown}
 k - 2 potions of might {unknown}

Dungeon Overview and Level Annotations

Branches:
Dungeon (3/15)

Altars:

.......# #.#
.......############.#
....................#
........#######..#### ######..#
#..# #..# #..# #..#######.##
######..##...##รท##########.###
........#######.@O......<....#
................########.#.#.#
.......########## .# .......#
O# ######## .# .. ##


You could see an ogre.


Message History

You kill the frilled lizard!
The magic dart hits the frilled lizard.
You kill the frilled lizard!
No target in view! ๐Ÿ˜Ž MP[-2]
You lost 2 mp, and now have 2/5 mp.
No target in view!
No target in view!
No target in view!
No target in view!
No target in view!
No target in view!
No target in view!
No target in view!
No target in view!
No target in view!
No target in view!
No target in view!
No target in view!
No target in view!
No target in view!
You see here a frilled lizard corpse.
A frilled lizard is nearby!
A frilled lizard is nearby!
A frilled lizard is nearby! ๐Ÿ˜Ž MP[+3]
Your mp is fully restored (5).
A frilled lizard is nearby!
The magic dart hits the frilled lizard.
The frilled lizard hisses angrily. ๐Ÿ˜Ž MP[-1]
You lost 1 mp, and now have 4/5 mp.
The magic dart hits the frilled lizard.
You kill the frilled lizard! ๐Ÿ˜Ž MP[-1]
You lost 1 mp, and now have 3/5 mp.
No target in view!
No target in view!
No target in view!
No target in view!
No target in view!
No target in view!
No target in view!
Your +2 rapier of freezing {short} stops glowing.
b - a staff of conjuration (weapon)
{!a@e2staff} Your +2 rapier of freezing {short} glows with a cold blue light!
a - a +2 rapier of freezing (weapon)
{short}
Things that are here:
a frilled lizard corpse; a frilled lizard corpse ๐Ÿ˜Ž MP[+2]
Your mp is fully restored (5).
You now have 53 gold pieces (gained 10).
Things that are here:
a frilled lizard corpse; a frilled lizard corpse You see here a frilled lizard corpse.
You see here a frilled lizard corpse.
Key pressed, stopping explore.
You enter the shallow water.
Moving in this stuff is going to be slow.
Done exploring.
Done exploring.
Done exploring.
Done exploring.
Done exploring.
Done exploring.
Done exploring.
(D) Dungeon
Where to? (Enter - D:1, ? - help)
You enter the shallow water.
Moving in this stuff is going to be slow.
There is a stone staircase leading down here.
You climb downwards.
There is a stone staircase leading up here.
Unknown command.
Unknown command.
Unknown command.
There is an open door here.
Found a stone staircase leading up.
An ogre comes into view. It is wielding a +0 giant club.
Your +2 rapier of freezing {short} stops glowing.
b - a staff of conjuration (weapon)
{!a@e2staff} The ogre shouts!
There is an open door here.
Casting: Magic Dart (safe; 19% risk of failure)
Confirm with . or Enter, or press ? or * to list all spells.
The spell is quite dangerous to miscast (28% risk of failure)!
Continue anyway?
Aiming: Searing Ray (quite dangerous; 28% risk of failure)
Press: ? - help, Shift-Dir - straight line, f - ogre
Aim: an ogre, wielding a +0 giant club (88% to hit)
You feel a surge of power!
The searing ray hits the ogre! (Press . to maintain the ray.) ๐Ÿ˜Ž MP[-2]
You lost 2 mp, and now have 3/5 mp.
The searing ray hits the ogre. ๐Ÿ˜Ž MP[-1]
You lost 1 mp, and now have 2/5 mp.
The searing ray hits the ogre!
The ogre hits you with a +0 giant club!!
Ouch! That really hurt!
You die...

Skill      XL: |  1  2  3 |
---------------+----------+-----
Stealth        | 2 4 5 |  5.1
Fighting       | |  2.6
Short Blades   | |  3.2
Spellcasting   | |  1.6
Fire Magic     | |  2.4

Action                   || total
-------------------------++-------
Melee: Short sword       ||    10
       Rapier            ||    51
       Bite              ||     3
 Cast: Magic Dart        ||    52
       Searing Ray       ||     3
Invok: Foxfire Swarm     ||     1
 Abil: Exsanguinate      ||     1
       Revivify          ||     1
 Stab: Sleeping          ||     5
Armor: Robe              ||     9
Dodge: Dodged            ||    48

Levels and vault maps discovered:
D:1:      psy_arrival_conway, layout_basic,
          hellmonk_ecumenical_altar_prayer_group, minmay_lizard_king
D:2:      layout_basic, serial_aquarium, aquarium_bridge_long_separate
          [aquarium_subvault_balcony, aquarium_subvault_bridge,
          aquarium_subvault_bridge, aquarium_subvault_balcony,
          aquarium_subvault_bridge, aquarium_subvault_wall],
          aquarium_bridge_square [aquarium_subvault_window,
          aquarium_subvault_balcony, aquarium_subvault_bridge,
          aquarium_subvault_bridge], aquarium_window_fake, aquarium_window_fake,
          aquarium_view_2b, aquarium_pool_corner, minmay_misc_feat_iff
D:3:      layout_basic, kennysheep_generic_room_5

Notes
Turn   | Place    | Note
-------+----------+-------------------------------------------
     0 | D:1      | spaghetti the Vampire Cinder Acolyte began the quest for
                  | the Orb.
     0 | D:1      | Reached XP level 1. HP: 17/17 MP: 2/2
     0 | D:1      | magus.rc [v1.9.6]
    73 | D:2      | HP: 3/13 [adder (2)]
    75 | D:2      | Reached skill level 2 in Stealth
    75 | D:2      | Reached XP level 2. HP: 5/18 MP: 3/3
   288 | D:2      | You pick up a book of Conjurations {@e2} and begin
                  | reading...
   288 | D:2      | You add the spells Magic Dart, Searing Ray and Fulminant
                  | Prism to your library.
   302 | D:2      | Reached skill level 3 in Stealth
   382 | D:2      | Learned a level 2 spell: Searing Ray
   516 | D:2      | Learned a level 1 spell: Magic Dart
   970 | D:1      | You pick up a book of Callings and begin reading...
   970 | D:1      | You add the spells Summon Small Mammal, Call Canine
                  | Familiar and Summon Guardian Golem to your library.
   973 | D:1      | Reached skill level 4 in Stealth
   987 | D:1      | Gained mutation: You are afflicted with vampirism and can
                  | become a bat while bloodless. [Vampire growth]
   987 | D:1      | Reached XP level 3. HP: 12/22 MP: 4/4
  1889 | D:1      | Found a faded altar of an unknown god.
  1961 | D:1      | Reached skill level 5 in Stealth
  2462 | D:2      | Noticed an ogre
  2473 | D:2      | Slain by an ogre

Vanquished Creatures
  An adder (D:2)
  3 dart slugs
  3 endoplasms
  5 goblins (D:1)
  5 hobgoblins (D:1)
  4 jackals (D:2)
  A quokka (D:1)
  4 ball pythons
  A bat (D:1)
  8 frilled lizards
  3 kobolds (D:1)
  9 rats (D:1)
47 creatures vanquished.

Vanquished Creatures (others)
  9 foxfires (D:2)
  7 plants (D:1)
16 creatures vanquished.

Grand Total: 63 creatures vanquished

Table legend:
 A = Non-vault XP
 B = Vault XP
 C = Vault XP percentage of total XP
 D = Non-vault monster count
 E = Vault monster count
 F = Vault count percentage of total count
                 A         B        C        D         E       F
            +---------+---------+-------+---------+---------+-------
      Total |      76 |      12 |  13.6 |      38 |       9 |  19.1
            +---------+---------+-------+---------+---------+-------
        D:1 |      45 |      12 |  21.1 |      28 |       9 |  24.3
        D:2 |      31 |       0 |   0.0 |      10 |       0 |   0.0
            +---------+---------+-------+---------+---------+-------

Illustrated notes

Table legend:
 A = Kills in this place as a percentage of kills in entire the game.
 B = Kills by you in this place as a percentage of kills by you in the entire game.
 C = Kills by friends in this place as a percentage of kills by friends in the entire game.
 D = Other kills in this place as a percentage of other kills in the entire game.
 E = Experience gained in this place as a percentage of experience gained in the entire game.
 F = Experience gained in this place divided by the number of levels of this place that you have seen.
                   A       B       C       D       E      F
               +-------+-------+-------+-------+-------+----------------------
         Total | 100.0 | 100.0 |   N/A |   N/A | 100.0 |  29.3
       Dungeon | 100.0 | 100.0 |   N/A |   N/A | 100.0 |  29.3
               +-------+-------+-------+-------+-------+----------------------

Table legend: (Time is in decaauts)
 A = Elapsed time spent in this place.
 B = Non-inter-level travel time spent in this place.
 C = Inter-level travel time spent in this place.
 D = Time resting spent in this place.
 E = Time spent auto-exploring this place.
 F = Levels seen in this place.
 G = Mean time per level.
                   A        B        C        D        E       F      G
               +--------+--------+--------+--------+--------+-----+--------+
         Total |   2468 |   2418 |     50 |    538 |   1471 |   3 |  822.7 |
       Dungeon |   2468 |   2418 |     50 |    538 |   1471 |   3 |  822.7 |
               +--------+--------+--------+--------+--------+-----+--------+

Top non-repeatable levels by time:
     D:1: 1484 daAuts
     D:2: 957 daAuts
     D:3: 26 daAuts
